 Dungeon Crawl Stone Soup version 0.24-a0-525-g9231cdcba1 (console) character file.

Game seed: 10937671401878711791

567 Abuh the Chopper (level 7, -2/61 HPs)
             Began as a Minotaur Berserker on May 9, 2019.
             Was a Priest of Trog.
             Slain by Edmund
             ... wielding a +6 dire flail of protection
              (6 damage)
             ... on level 5 of the Dungeon on Aug 1, 2019.
             The game lasted 00:18:00 (3843 turns).

Abuh the Chopper (Minotaur Berserker)               Turns: 3843, Time: 00:18:01

Health: -2/61      AC: 13    Str: 22 (23) XL:     7   Next: 11%
Magic:  6/6        EV:  8    Int:  3 (4)  God:    Trog [***...]
Gold:   201        SH:  0    Dex:  9 (10) Spells: 6/6 levels left

rFire    . . .     SeeInvis .   i - +1 hand axe (chop)
rCold    . . .     Gourm    .   (no shield)
rNeg     . . .     Faith    .   u - +0 plate armour
rPois    .         Spirit   .   (helmet restricted)
rElec    .         Reflect  .   (no cloak)
rCorr    .         Harm     .   h - +0 pair of gloves
MR       .....                  (no boots)
Stlth    ..........             (no amulet)
HPRegen  0.20/turn              (no ring)
MPRegen  0.10/turn              (no ring)

@: no status effects
A: retaliatory headbutt, horns 2
a: Berserk, Trog's Hand, Renounce Religion


You were on level 5 of the Dungeon.
You worshipped Trog.
Trog was most pleased with you.
You were not hungry.

You visited 1 branch of the dungeon, and saw 5 of its levels.

You collected 201 gold pieces.

Inventory:

Hand Weapons
 a - a +0 hand axe
 i - a +1 hand axe of chopping (weapon)
Armour
 b - a +0 animal skin
 g - a +0 scale mail
 h - a +0 pair of gloves (worn)
 u - a +0 plate armour (worn)
Jewellery
 e - an uncursed ring of poison resistance {unknown}
Wands
 p - a wand of digging (3)
Scrolls
 l - 2 scrolls of identify {unknown}
 n - a scroll of teleportation {unknown}
 o - a scroll of immolation {unknown}
 q - a scroll of remove curse {unknown}
 s - 2 scrolls of amnesia {unknown}
Potions
 d - 2 potions of degeneration
 f - 2 potions of curing {unknown}
 j - 2 potions of might
 k - a potion of resistance {unknown}
 m - a potion of heal wounds {unknown}
 r - a potion of cancellation {unknown}
 t - a potion of magic {unknown}
 v - a potion of invisibility
 w - a potion of flight {unknown}
Comestibles
 c - 3 rations
 x - 3 chunks of flesh


   Skills:
 + Level 5.4 Fighting
 * Level 6.8 Axes
 + Level 4.7 Armour
 + Level 4.2 Dodging


You had 6 spell levels left.
You didn't know any spells.
Your spell library was empty.

Dungeon Overview and Level Annotations

Branches:
Dungeon (5/15)             Temple (0/1) D:4

Altars:
Ashenzari
Dithmenos
Makhleb
Okawaru
Qazlal
Sif Muna

Shops:
D:4 :

Annotations:
D:5 Edmund


Innate Abilities, Weirdness & Mutations

You reflexively headbutt those who attack you in melee.
You have a pair of horns on your head.


Message History

You hit something. Something hits you but does no damage.
You closely miss something. You headbutt something! Something hits you.
You barely miss something. Something hits you!
You miss something. Something hits you.
You hit something but do no damage.
Your plate armour prevents you from hitting something.
You headbutt something. You hit the iguana but do no damage.
Something hits you! The iguana bites you.
You miss something. You closely miss the iguana. Something hits you!
* * * LOW HITPOINT WARNING * * *
The iguana bites you.
* * * LOW HITPOINT WARNING * * *
You hit something but do no damage. You closely miss the iguana.
Something hits you!
* * * LOW HITPOINT WARNING * * *
The iguana barely misses you.
It was a potion of degeneration.
There was something very wrong with that liquid.
You feel weakened.
You feel dopey.
You feel clumsy. Something hits you.
You die...

#...... #......
#.........# #......
#......... #......
#........ #...#......
#....... +...#......
#...... #...#......
##..... #...#..<...
#...l{##+###...#......
+....@#........#......
#.....+........#......
#<....#.......รท#......
#.....######...#.)....
##.........#...#......
#.........#...'......
#.........#...#......
#.........'...#......
#.........#...#......
###.......#...#......


You could see an iguana.

Vanquished Creatures
  An ogre (D:4)
  A hound (D:4)
  2 orc priests (D:4)
  Ijyb (D:2)
  An orc wizard (D:4)
  Natasha (thrice) (D:4)
  2 iguanas
  A worker ant (D:5)
  2 hound skeletons
  3 gnolls (D:4)
  6 adders
  A shadow imp (D:5)
  An adder skeleton (D:5)
  A worm (D:2)
  2 dart slugs
  A leopard gecko (D:3)
  5 orcs
  4 ball pythons
  2 giant cockroaches
  7 goblins
  6 hobgoblins
  4 jackals (D:1)
  4 quokkas
  4 bats
  5 frilled lizards
  5 kobolds
  13 rats
88 creatures vanquished.

Notes
Turn   | Place    | Note
-------+----------+-------------------------------------------
     0 | D:1      | Abuh the Minotaur Berserker began the quest for the Orb.
     0 | D:1      | Reached XP level 1. HP: 19/19 MP: 0/0
   267 | D:1      | Reached XP level 2. HP: 21/27 MP: 1/1
   428 | D:1      | Reached skill level 4 in Axes
   481 | D:1      | Found a shattered altar of Ashenzari.
   524 | D:1      | Found a deep blue altar of Sif Muna.
   651 | D:2      | Found a stormy altar of Qazlal.
   655 | D:2      | Noticed an air elemental
   659 | D:2      | Noticed a water elemental
   710 | D:2      | Reached XP level 3. HP: 33/33 MP: 2/2
   784 | D:2      | Reached ** piety under Trog
  1146 | D:2      | Found a shattered altar of Ashenzari.
  1203 | D:2      | Found an iron altar of Okawaru.
  1328 | D:2      | Upgraded the game from 0.24-a0-291-g79c1ce788c to
                  | 0.24-a0-366-gc1c896e988
  1359 | D:2      | Noticed an earth elemental
  1362 | D:2      | Noticed a fire elemental
  1611 | D:3      | Noticed Ijyb
  1627 | D:2      | Killed Ijyb
  1627 | D:2      | Reached XP level 4. HP: 40/40 MP: 3/3
  1818 | D:3      | Upgraded the game from 0.24-a0-366-gc1c896e988 to
                  | 0.24-a0-524-gf43b32f898
  2027 | D:3      | Reached skill level 5 in Axes
  2028 | D:3      | Upgraded the game from 0.24-a0-524-gf43b32f898 to
                  | 0.24-a0-525-g9231cdcba1
  2251 | D:3      | Reached XP level 5. HP: 47/47 MP: 4/4
  2686 | D:4      | Found a staircase to the Ecumenical Temple.
  2726 | D:4      | Found a burning altar of Makhleb.
  2735 | D:4      | Noticed Natasha
  2741 | D:4      | Killed Natasha
  2832 | D:4      | Reached XP level 6. HP: 55/55 MP: 5/5
  2941 | D:4      | Reached skill level 5 in Fighting
  2941 | D:4      | Reached skill level 6 in Axes
  3252 | D:4      | Reached *** piety under Trog
  3274 | D:4      | Found Heucs's Book Shoppe.
  3593 | D:4      | Noticed Natasha
  3599 | D:4      | Killed Natasha
  3631 | D:4      | Found a shadowy altar of Dithmenos.
  3751 | D:4      | Noticed Natasha
  3754 | D:4      | Killed Natasha
  3779 | D:5      | Entered Level 5 of the Dungeon
  3784 | D:5      | Reached XP level 7. HP: 61/61 MP: 6/6
  3831 | D:5      | Noticed Edmund
  3842 | D:5      | HP: 3/61 [something (10)]
  3843 | D:5      | Slain by Edmund

Levels and vault maps discovered:
D:1:      co_arrival_random_square_maze, layout_basic, kennysheep_flooded_box,
          ashenzari_altar_1
D:2:      layout_basic, lemuel_crystal_altar, nicolae_qazlal_style_of_elements,
          dk_noncrumbling_2, kennysheep_okawaru_gauntlet
D:3:      layout_loops_ring, uniq_ijyb
D:4:      layout_loops_ring, grunt_dithmenos_smoke,
          nicolae_overflow_crystal_walls, minmay_temple_entry_grid,
          serial_shops, shop_fountains, uniq_natasha
D:5:      layout_gridville, basic_altar, first_ration, uniq_edmund

Skill      XL: |  1  2  3  4  5  6 |
---------------+-------------------+-----
Axes           | 4 5 6 |  6.8
Fighting       | 4 5 |  5.4
Armour         | 3 4 |  4.7
Dodging        | 3 4 |  4.2

Action                   |  1- 3 |  4- 6 |  7- 9 || total
-------------------------+-------+-------+-------++-------
Melee: Hand axe          |    64 |   110 |    22 ||   196
       Headbutt          |     4 |    18 |     3 ||    25
Invok: Berserk           |     1 |     4 |       ||     5
  Use: Potion            |       |       |     1 ||     1
  Eat: Ration            |     1 |     1 |       ||     2
       Chunk             |       |     7 |       ||     7
Armor: Scale mail        |    28 |     8 |       ||    36
       Animal skin       |     6 |       |       ||     6
       Plate armour      |       |    44 |    11 ||    55
Dodge: Dodged            |    39 |    45 |     4 ||    88

Table legend:
 A = Non-vault XP
 B = Vault XP
 C = Vault XP percentage of total XP
 D = Non-vault monster count
 E = Vault monster count
 F = Vault count percentage of total count
                 A         B        C        D         E       F
            +---------+---------+-------+---------+---------+-------
      Total |     740 |      71 |   8.8 |      86 |       2 |   2.3
            +---------+---------+-------+---------+---------+-------
        D:1 |      23 |       0 |   0.0 |      15 |       0 |   0.0
        D:2 |      47 |      36 |  43.4 |      21 |       1 |   4.5
        D:3 |     137 |       0 |   0.0 |      27 |       0 |   0.0
        D:4 |     427 |      35 |   7.6 |      17 |       1 |   5.6
        D:5 |     106 |       0 |   0.0 |       6 |       0 |   0.0
            +---------+---------+-------+---------+---------+-------
